 Dungeon Crawl Stone Soup version 0.21.0 (webtiles) character file.

153 Hekarica the Stinger (level 5, -2/34 HPs)
             Began as an Octopode Venom Mage on May 21, 2018.
             Slain by Hekarica's ghost (8 damage)
             ... on level 3 of the Dungeon.
             The game lasted 00:13:53 (2614 turns).

Hekarica the Stinger (Octopode Venom Mage)          Turns: 2614, Time: 00:13:54

Health: -2/34      AC:  1    Str:  9    XL:     5   Next: 35%
Magic:  9/9        EV: 14    Int: 17    God:
Gold:   99         SH:  3    Dex: 12    Spells: 5/9 levels left

rFire    . . .     SeeInvis .     - Unarmed
rCold    . . .     Gourm    .   (no shield)
rNeg     . . .     Faith    .   (helmet restricted)
rPois    .         Spirit   .   g - +3 amulet of reflection
rElec    .         Reflect  +   (no ring)
rCorr    .         Harm     .   (no ring)
MR       .....                  (no ring)
Stlth    +++.......             (no ring)
HPRegen  0.11/turn              (no ring)
MPRegen  0.11/turn              (no ring)
                                (no ring)
                                (no ring)

@: lethally poisoned (-2 -> -6)
A: almost no armour, stealthy swim, amphibious, 8 rings, constrict 8, camouflage
1, gelatinous body 1
a: no special abilities


You were on level 3 of the Dungeon.
You were not hungry.

You visited 1 branch of the dungeon, and saw 3 of its levels.

You collected 99 gold pieces.

Inventory:

Missiles
 c - 5 tomahawks (quivered)
Jewellery
 g - a +3 amulet of reflection (around mantle)
Scrolls
 b - 2 scrolls of identify
 e - a scroll of magic mapping {unknown}
 j - a scroll of enchant armour {unknown}
Potions
 d - 2 potions of flight
Books
 a - a Young Poisoner's Handbook

   Spells                             Type                      Level
   a - Sting                          Conjuration/Poison           1
   b - Poisonous Vapours              Poison/Air                   2
   c - Mephitic Cloud                 Conjuration/Poison/Air       3
   d - Olgreb's Toxic Radiance        Poison                       4
   e - Venom Bolt                     Conjuration/Poison           5


   Skills:
 + Level 1.9 Fighting
 + Level 3.0 Dodging
 - Level 3.4 Stealth
 + Level 1.8 Unarmed Combat
 + Level 2.6 Spellcasting
 - Level 2.0 Conjurations
 - Level 3.6 Poison Magic


You had 5 spell levels left.
You knew the following spells:

 Your Spells              Type           Power        Failure   Level  Hunger
a - Sting                 Conj/Pois      ##..         5%          1    #......
b - Mephitic Cloud        Conj/Pois/Air  #.......     26%         3    ###....


Dungeon Overview and Level Annotations

Branches:
Dungeon (3/15)

Altars:

Annotations:
D:3 Hekarica's ghost, amateur OpVM


Innate Abilities, Weirdness & Mutations

You cannot wear most types of armour.
You are very stealthy in the water. (Stealth+)
You are amphibious.
You can wear up to eight rings at the same time.
You can use your tentacles to constrict eight enemies at once.
Your skin changes colour to match your surroundings (Stealth+).
Your rubbery body absorbs attacks. (AC +1, EV +1)


Message History

You barely miss Hekarica's ghost. You squeeze Hekarica's ghost.
Hekarica's ghost is heavily damaged.
Hekarica's ghost closely misses you.
You completely miss Hekarica's ghost.
Hekarica's ghost is heavily damaged.
You block Hekarica's ghost's attack.
You barely miss Hekarica's ghost.
Hekarica's ghost is heavily damaged.
Hekarica's ghost hits you.
* * * LOW HITPOINT WARNING * * *
You miss Hekarica's ghost.
Hekarica's ghost is heavily damaged.
Hekarica's ghost stares at you and mumbles some strange words.
The sting hits you!
You are poisoned.
* * * LOW HITPOINT WARNING * * *
You closely miss Hekarica's ghost.
Hekarica's ghost is heavily damaged.
You feel sick. Hekarica's ghost hits you!
You die...

....>.. ... ...
..#..# ###....<#
#.#.#...#
######.†.....#.
$(......W......
#######..@##..##
...............#
######.......##
#...<..........
#.###...#.#.###
..#.......
.....#.#.###
#####.#....# ..
(..#


You could see Hekarica's ghost.

Vanquished Creatures
  A worker ant (D:2)
  2 adders (D:2)
  4 gnolls (D:2)
  An ooze (D:2)
  A worm (D:2)
  A dart slug (D:1)
  A ball python (D:1)
  4 giant cockroaches
  9 goblins
  13 hobgoblins
  2 jackals (D:1)
  10 kobolds
  6 bats
  5 frilled lizards
  3 rats
63 creatures vanquished.

Notes
Turn   | Place    | Note
-------+----------+-------------------------------------------
     0 | D:1      | Hekarica the Octopode Venom Mage began the quest for the Orb.
     0 | D:1      | Reached XP level 1. HP: 11/11 MP: 3/3
   225 | D:1      | Reached XP level 2. HP: 16/17 MP: 0/5
   498 | D:1      | Reached XP level 3. HP: 15/22 MP: 1/6
  1052 | D:2      | Reached skill level 1 in Fighting
  1055 | D:2      | Reached skill level 1 in Unarmed Combat
  1133 | D:2      | Reached XP level 4. HP: 8/28 MP: 1/7
  1603 | D:2      | Learned a level 3 spell: Mephitic Cloud
  1864 | D:2      | Reached XP level 5. HP: 7/33 MP: 2/8
  2590 | D:3      | Noticed Hekarica's ghost (amateur OpVM)
  2614 | D:3      | Slain by Hekarica's ghost

Skill      XL: |  1  2  3  4  5 |
---------------+----------------+-----
Stealth        | 3 |  3.4
Fighting       | 1 |  1.9
Unarmed Combat | 1 |  1.8
Conjurations   | 2 |  2.0
Dodging        | 3 |  3.0
Spellcasting   | |  2.6
Poison Magic   | |  3.6

Action                   |  1- 3 |  4- 6 || total
-------------------------+-------+-------++-------
Melee: Unarmed           |    41 |    52 ||    93
       Constrict         |    10 |     9 ||    19
       Tentacles         |     8 |     3 ||    11
       Punch             |       |     1 ||     1
 Cast: Sting             |    49 |    44 ||    93
       Mephitic Cloud    |       |     1 ||     1
  Use: Scroll            |     3 |       ||     3
       Potion            |       |     3 ||     3
 Stab: Sleeping          |     2 |       ||     2
  Eat: Ration            |     1 |     1 ||     2
Armor: Skin              |     2 |     2 ||     4
Dodge: Dodged            |    30 |    19 ||    49
Block: Other             |     1 |     3 ||     4
